 Dungeon Crawl Stone Soup version 0.28-a0-1629-gf728b707aa (webtiles) character file.

Game seed: 14555502254749149801

42 cheechan the Ducker (level 3, -4/15 HPs)
             Began as a Felid Artificer on Jan 24, 2022.
             Slain by a worm (10 damage)
             ... on level 2 of the Dungeon.
             The game lasted 00:05:40 (1719 turns).

cheechan the Ducker (Felid Artificer)               Turns: 1719, Time: 00:05:41

Health: -4/15      AC:  1    Str:  7 (8)  XL:     3   Next: 35%
Magic:  4/4        EV: 19    Int: 11 (12) God:
Gold:   67         SH:  0    Dex: 17 (18) Spells: 1/2 levels left
                                        Lives:  0   Deaths: 0

rFire   . . .      SeeInvis +   (weapon unavailable)
rCold   + . .      Faith    .   (shield unavailable)
rNeg    . . .      Spirit   .   (armour unavailable)
rPois   .          Reflect  .   (helmet unavailable)
rElec   .          Harm     .   (cloak unavailable)
rCorr   .          Rampage  .   (gloves unavailable)
Will    .....      Rnd*Tele +   (boots unavailable)
Stlth   ++........              (no amulet)
HPRegen 0.05/turn               g - ring of protection from cold
MPRegen 0.09/turn               (no ring)

@: quick
A: very small, claws 1, fangs 3, see invisible, speed 1, shaggy fur 1, stealthy
paws, no weapons or thrown items, no armour, multi-lived, teleportitis 1
a: no special abilities


You were on level 2 of the Dungeon.
You visited 1 branch of the dungeon, and saw 2 of its levels.

You collected 67 gold pieces.

Inventory:

Missiles
 f - 5 stones
Jewellery
 g - a ring of protection from cold (left paw)
Wands
 b - a wand of charming (15)
Potions
 a - a potion of curing
 j - a potion of heal wounds {unknown}
Miscellaneous
 c - a piece from Xom's chessboard (15/15)


   Skills:
 + Level 1.0 Fighting
 + Level 4.2 Dodging
 + Level 1.8 Stealth
 + Level 0.1 Unarmed Combat
 + Level 4.2 Evocations


You had one spell level left.
You knew the following spells:

 Your Spells              Type           Power      Damage    Failure   Level
a - Slow                  Hex            0%         N/A       34%         1

Your spell library contained the following spells:

 Spells                   Type           Power      Damage    Failure   Level
 Animate Skeleton         Necr           0%         N/A       34%         1
 Pain                     Necr           0%         1d4       34%         1
 Corpse Rot               Necr/Air       0%         N/A       47%         2
 Poisonous Vapours        Pois/Air       0%         N/A       47%         2
 Confusing Touch          Hex            0%         N/A       71%         3
 Inner Flame              Hex/Fire       0%         N/A       71%         3
 Vampiric Draining        Necr           0%         2d6       71%         3
 Cause Fear               Hex            0%         N/A       98%         4
 Discord                  Hex            0%         N/A       100%        8


Dungeon Overview and Level Annotations

Branches:
Dungeon (2/15)

Altars:
Hepliaklqana

Shops:
D:2 !


Innate Abilities, Weirdness & Mutations

You have sharp claws.
You have razor-sharp teeth.
You have supernaturally acute eyesight. (SInv)
You cover ground quickly. (Speed+)
You are covered in fur. (AC +1)
Your paws help you pounce on unaware monsters.
You are incapable of wielding weapons or throwing items.
You cannot wear armour.
You gain extra lives every three experience levels.
You are occasionally teleported next to monsters.


Message History

You kill the hobgoblin!
Okay, then.
You open the door.
There is an open door here.
Found 12 sling bullets.
Found a scroll labelled BENGURI VECI.
d - a scroll labelled BENGURI VECI
As you read the scroll labelled BENGURI VECI, it crumbles to dust.
It is a scroll of identify.
a - a potion of curing
Found a whip.
You see here a +0 whip.
A worm comes into view.
You barely miss the worm. The worm completely misses you.
You barely miss the worm. You barely miss the worm.
The worm completely misses you.
You scratch the worm.
The worm is lightly wounded.
You barely miss the worm.
The worm is lightly wounded.
The worm bites you!
Ouch! That really hurt!
You scratch the worm but do no damage. You bite the worm.
The worm is lightly wounded.
The worm barely misses you.
You scratch the worm.
The worm is moderately wounded.
You scratch the worm but do no damage.
The worm is moderately wounded.
The worm misses you.
You barely miss the worm.
The worm is lightly wounded.
You barely miss the worm.
The worm is lightly wounded.
The worm closely misses you.
You barely miss the worm.
The worm is lightly wounded.
The worm bites you!
Ouch! That really hurt!
You die...

#...........##.# #####.
#.#.##########.# #.....
#.#.... #.# #.....
#.##..# #..##.....
#.##..####+####...†....
#.##..........#........
#.##..........#.......)
#.##..........#........
#.##..@w......##.#.....
#.##.######### #.#)....
#.##.### #..####.
#.##.#.# ##.####.
#.##.).# #.##...
##.####.# #.##...
#.....#.# #..#...
#.......# ##.#...
#.....### #.....


You could see a worm.

Vanquished Creatures
  An adder (D:2)
  A worm (D:2)
  5 bats (D:1)
  6 endoplasms
  A giant cockroach (D:2)
  2 goblins
  2 hobgoblins
  4 kobolds
  3 ball pythons
  A frilled lizard (D:1)
  A rat (D:1)
27 creatures vanquished.

Notes
Turn   | Place    | Note
-------+----------+-------------------------------------------
     0 | D:1      | cheechan the Felid Artificer began the quest for the Orb.
     0 | D:1      | Reached XP level 1. HP: 9/9 MP: 2/2
   117 | D:1      | Found a faded altar of an unknown god.
   399 | D:1      | Reached XP level 2. HP: 12/12 MP: 3/3
   596 | D:1      | Learned a level 1 spell: Slow
   991 | D:2      | Found Muotutt's Distillery.
  1102 | D:2      | Found a hazy altar of Hepliaklqana.
  1155 | D:2      | Reached XP level 3. HP: 15/15 MP: 4/4
  1179 | D:2      | Gained mutation: You are occasionally teleported next to
                  | monsters. [potion of mutation]
  1182 | D:2      | HP: 1/22 [poisoned by an adder]
  1719 | D:2      | Slain by a worm

Illustrated notes

Levels and vault maps discovered:
D:1:      scummos_arrival_star, layout_basic,
          shapermc_ecumenical_altar_notcrosses
D:2:      layout_basic, serial_shops, shop, basic_altar, minmay_misc_feat_alley,
          minivault_27

Skill      XL: |  1  2  3 |
---------------+----------+-----
Evocations     | 4 |  4.2
Dodging        | 4 |  4.2
Fighting       | |  1.0
Stealth        | |  1.8
Unarmed Combat | |  0.1

Action                   || total
-------------------------++-------
Melee: Unarmed           ||    68
       Bite              ||     9
       Punch             ||     1
Evoke: Wand              ||    15
  Use: Scroll            ||     3
       Potion            ||     4
 Stab: Sleeping          ||     4
Armor: Skin              ||     4
Dodge: Dodged            ||    60

Table legend: (Time is in decaauts)
 A = Elapsed time spent in this place.
 B = Non-inter-level travel time spent in this place.
 C = Inter-level travel time spent in this place.
 D = Time resting spent in this place.
 E = Time spent auto-exploring this place.
 F = Levels seen in this place.
 G = Mean time per level.
                   A        B        C        D        E       F      G
               +--------+--------+--------+--------+--------+-----+--------+
         Total |   1482 |   1482 |      0 |    413 |      0 |   2 |  741.0 |
       Dungeon |   1482 |   1482 |      0 |    413 |      0 |   2 |  741.0 |
               +--------+--------+--------+--------+--------+-----+--------+

Top non-repeatable levels by time:
     D:2: 829 daAuts
     D:1: 652 daAuts
